 Dungeon Crawl Stone Soup version 0.27.1-33-g824d729ab1 (webtiles) character file.

Game seed: 6419706495333316

16 lordive the Shield-Bearer (level 2, -1/19 HPs)
             Began as a Gargoyle Fighter on Dec 26, 2021.
             Slain by a scorpion (8 damage)
             ... on level 4 of the Dungeon.
             The game lasted 00:01:20 (1006 turns).

lordive the Shield-Bearer (Gargoyle Fighter)        Turns: 1006, Time: 00:01:20

Health: -1/19      AC:  9    Str: 19    XL:     2   Next: 58%
Magic:  2/2        EV:  7    Int:  8    God:
Gold:   54         SH:  9    Dex:  9    Spells: 1/1 levels left

rFire    . . .     SeeInvis .   a - +0 flail
rCold    . . .     Faith    .   c - +0 kite shield
rNeg     + . .     Spirit   .   b - +0 scale mail
rPois    ∞         Reflect  .   (no helmet)
rElec    +         Harm     .   (no cloak)
rCorr    .         Rampage  .   (no gloves)
Will     .....                  (no boots)
Stlth    ..........             (no amulet)
HPRegen  0.06/turn              (no ring)
MPRegen  0.08/turn              (no ring)

@: no status effects
A: sickness immunity, AC +2, negative energy resistance 1, electricity
resistance, torment resistance 1, petrification resistance
a: no special abilities


You were on level 4 of the Dungeon.
You visited 1 branch of the dungeon, and saw 4 of its levels.

You collected 54 gold pieces.

Inventory:

Hand Weapons
 a - a +0 flail (weapon)
Armour
 b - a +0 scale mail (worn)
 c - a +0 kite shield (worn)
Scrolls
 e - 2 scrolls of noise {unknown}
 f - a scroll of silence {unknown}
 g - a scroll of teleportation {unknown}
 h - a scroll of magic mapping {unknown}
 i - a scroll of summoning {unknown}
 l - a scroll of torment {unknown}
Potions
 d - 2 potions of might
 j - a potion of curing {unknown}
 k - a potion of haste {unknown}


   Skills:
 * Level 3.5 Fighting
 * Level 2.0 Maces & Flails
 * Level 3.4 Armour
 * Level 3.8 Shields


You had one spell level left.
You didn't know any spells.
Your spell library contained the following spells:

 Spells                   Type           Power      Damage    Failure   Level
 Freeze                   Ice            0%         1d3       99%         1
 Frozen Ramparts          Ice            0%         1d2       100%        3
 Hailstorm                Conj/Ice       0%         3d3       100%        4


Dungeon Overview and Level Annotations

Branches:
Dungeon (4/15)
 Temple: D:4-7

Altars:

Shops:
D:1 =


Innate Abilities, Weirdness & Mutations

You are immune to sickness and miasma.
Your stone body is resilient. (AC +2)
You are immune to poison.
You resist negative energy. (rN+)
You are resistant to electric shocks. (rElec)
You are resistant to unholy torment.
You are immune to petrification.


Message History

Found a stone staircase leading up.
There is a stone staircase leading down here.
You climb downwards.
There is a stone staircase leading up here.
Found a scroll labelled TOAPYU FIRUCRUH.
l - a scroll labelled TOAPYU FIRUCRUH Key pressed, stopping explore.
Found a dagger.
A scorpion comes into view.
You barely miss the scorpion.
The scorpion stings you but does no damage.
You completely miss the scorpion. You block the scorpion's attack.
The scorpion stings you but does no damage.
You closely miss the scorpion. The scorpion closely misses you.
The scorpion stings you.
You hit the scorpion but do no damage. You block the scorpion's attack.
The scorpion stings you.
You hit the scorpion.
The scorpion is lightly wounded.
You block the scorpion's attack. The scorpion stings you!
You are too injured to fight recklessly!
You are too injured to fight recklessly!
You are too injured to fight recklessly!
You are too injured to fight recklessly!
You are too injured to fight recklessly!
You are too injured to fight recklessly!
You are too injured to fight recklessly!
Unknown command.
You are too injured to fight recklessly!
You are too injured to fight recklessly!
You barely miss the scorpion.
The scorpion is lightly wounded.
You block the scorpion's attack.
You hit the scorpion.
The scorpion is lightly wounded.
You block the scorpion's attack. The scorpion completely misses you.
You closely miss the scorpion.
The scorpion is lightly wounded.
The scorpion stings you. The scorpion stings you!
You die...

#############.....
#..... ## ###
#.#.## #. ..#
#.#.# #.##### #.#
#.#.# #.#.#.###.#
#.#.# #.#.....#.#
#.#.#
#s#.##.##.####.#.#
#.@............#
###.###.#.######
#.#.).#.#
#.#.#.#..
#.#.#.#### #.# #..
#.# #+# .#


You could see a scorpion.

Vanquished Creatures
  A dart slug (D:1)
  A bat (D:1)
  2 giant cockroaches
  A goblin (D:3)
  2 quokkas (D:1)
  2 ball pythons
  A frilled lizard (D:1)
  3 kobolds
  A rat (D:1)
14 creatures vanquished.

Vanquished Creatures (others)
  2 plants (D:1)
2 creatures vanquished.

Grand Total: 16 creatures vanquished

Notes
Turn   | Place    | Note
-------+----------+-------------------------------------------
     0 | D:1      | lordive the Gargoyle Fighter began the quest for the Orb.
     0 | D:1      | Reached XP level 1. HP: 14/14 MP: 1/1
   197 | D:1      | Found Ogiy's Jewellery Emporium.
   303 | D:1      | Reached XP level 2. HP: 16/19 MP: 2/2
   733 | D:1      | Found a faded altar of an unknown god.
   998 | D:4      | Noticed a scorpion
  1006 | D:4      | Slain by a scorpion

Illustrated notes

Levels and vault maps discovered:
D:1:      ebering_trefoil_twist, layout_loops_ring,
          dilly_ecumenical_altar_fadedgnrine, serial_shops, nicolae_square_shop
D:2:      layout_rooms, lightli_corner_chamber, uniq_robin
D:3:      layout_rooms, uniq_grinder
D:4:      layout_basic, grunt_temple_overflow_open,
          nicolae_ru_great_annihilating_truth, lemuel_temple_firewalk_a,
          serial_shops, nicolae_diamond_shop

Action                   || total
-------------------------++-------
Melee: Flail             ||    47
Armor: Scale mail        ||    25
Dodge: Dodged            ||    18
Block: Kite shield       ||    29
